 Dungeon Crawl Stone Soup version 0.30-a0-1053-gbd8d5ba0ad (webtiles) character file.

Game seed: 10349388418649209944

20294 IdlyInterested the Covert (level 12, -63/92 HPs)
             Began as a Demonspawn Gladiator on Apr 11, 2023.
             Annihilated by a titanic slime creature (99 damage)
             ... on level 12 of the Dungeon.
             The game lasted 00:55:04 (12476 turns).

IdlyInterested the Covert (Demonspawn Gladiator)   Turns: 12476, Time: 00:55:05

Health: -63/92     AC: 13    Str: 13    XL:     12   Next: 44%
Magic:  0/12       EV: 24    Int:  8    God:
Gold:   742        SH:  7    Dex: 31    Spells: 11/11 levels left

rFire   . . .      SeeInvis .    a - +3 rapier (elec)
rCold   . . .      Faith    .    D - +0 buckler
rNeg    . . .      Spirit   +    R - +0 acid dragon scales
rPois   .          Reflect  .    Q - +1 hat {Stlth+}
rElec   .          Rampage  .    z - scarf {shadows}
rCorr   +                        (no gloves)
Will    .....                    O - +2 pair of boots
Stlth   ++++++                   h - amulet of guardian spirit
HPRegen 0.35/turn                y - ring of flight
MPRegen 0.13/turn                K - +6 ring of dexterity

@: agile, flying
A: demonic guardian 2, powered by pain 1, sharp scales 3, weakness stinger 1,
agile 1, sense surroundings 1, MP-powered wands
a: no special abilities


You were on level 12 of the Dungeon.
You visited 2 branches of the dungeon, and saw 15 of its levels.
You also visited: Ossuary.

You collected 1115 gold pieces.
You spent 373 gold pieces at shops.

Inventory:

Hand Weapons
 a - a +3 rapier of electrocution (weapon)
 c - a +0 rapier
 C - a +4 falchion
 F - a +2 rapier of venom
 S - a +5 scimitar of freezing
Missiles
 d - 4 throwing nets
 i - 56 stones (quivered)
 k - 10 poisoned darts
 n - a javelin
 r - 10 boomerangs
 G - 12 curare-tipped darts
 U - 6 silver javelins
Armour
 m - a scarf of repulsion
 w - a +2 chain mail of cold resistance
 z - a scarf of shadows (worn)
 D - a +0 buckler (worn)
 O - a +2 pair of boots (worn)
 P - a +2 helmet
 Q - a +1 hat of stealth (worn)
 R - +0 acid dragon scales (worn)
 V - a +1 robe of fire resistance
Magical Staves
 N - a staff of cold
Jewellery
 h - an amulet of guardian spirit (around neck)
 y - a ring of flight (left hand)
 E - a ring of protection from fire
 K - a +6 ring of dexterity (right hand)
Wands
 p - a wand of paralysis (18)
 x - a wand of quicksilver (12)
 B - a wand of flame (7)
 H - a wand of polymorph (17)
 X - a wand of iceblast (9)
 Y - a wand of digging (1)
Scrolls
 e - a scroll of blinking
 g - a scroll of amnesia
 s - a scroll of silence
 u - 8 scrolls of teleportation
 A - a scroll of fog
 I - a scroll of fear
 L - 2 scrolls of poison
 W - a scroll of vulnerability
 Z - a scroll of brand weapon
Potions
 b - 2 potions of haste
 f - 2 potions of resistance
 j - 8 potions of curing
 l - a potion of magic
 o - 3 potions of heal wounds
 q - 2 potions of brilliance
 t - a potion of might
 v - 5 potions of flight
 J - 4 potions of mutation
 M - 2 potions of cancellation
 T - 3 potions of invisibility


   Skills:
 - Level 8.0 Fighting
 - Level 11.0 Short Blades
 - Level 4.0 Throwing
 - Level 2.0 Armour
 - Level 8.0 Dodging
 + Level 11.4 Stealth
 * Level 3.3 Shields
 - Level 4.0 Evocations


You had 11 spell levels left.
You didn't know any spells.
Your spell library contained the following spells:

 Spells                   Type           Power      Damage    Failure   Level
 Necrotise                Necr           0%         1d4       63%         1
 Poisonous Vapours        Pois/Air       0%         N/A       77%         2
 Static Discharge         Conj/Air       0%         2-2/arc   77%         2
 Mephitic Cloud           Conj/Pois/Air  0%         N/A       94%         3
 Vampiric Draining        Necr           0%         2d6       94%         3
 Airstrike                Air            0%         2d(0-16)  100%        4
 Anguish                  Hex/Necr       0%         N/A       100%        4
 Cause Fear               Hex            0%         N/A       100%        4
 Summon Lightning Spire   Summ/Air       0%         N/A       100%        4
 Agony                    Necr           0%         N/A       100%        5
 Freezing Cloud           Conj/Ice/Air   0%         6-21      100%        5
 Enfeeble                 Hex            0%         N/A       100%        7


Dungeon Overview and Level Annotations

Branches:
Dungeon (14/15)            Temple (1/1) D:6            Lair (0/5) D:8
    Orc (0/2) D:11        Ossuary (visited)
 Vaults: D:13-14

Altars:
Ashenzari
Cheibriados
Dithmenos
Fedhas
Gozag
Hepliaklqana
Kikubaaqudgha
Makhleb
Nemelex Xobeh
Okawaru
Qazlal
Ru
Sif Muna
Trog
Uskayaw
Vehumet
Wu Jian
Xom
Yredelemnul

Shops:
D:8 !   D:9 *   D:11 ?=([?**


Innate Abilities, Weirdness & Mutations

A demonic guardian rushes to your aid.
You sometimes gain a little power by taking damage.
You are completely covered in razor-sharp scales. (AC +3, Slay +3)
You have a small tail.
You are agile. (Dex +4, Str/Int -1)
You passively map a small area around you.
You expend magic power (3 MP) to strengthen your wands.


Message History

You tail-slap the very large slime creature, but do no damage.
The very large slime creature is moderately wounded.
You block the very large slime creature's attack.
You puncture the very large slime creature!
The very large slime creature is moderately wounded.
You hit the very large slime creature.
You tail-slap the very large slime creature.
The very large slime creature is moderately wounded.
The very large slime creature closely misses you.
You puncture the very large slime creature!
Lightning courses through the very large slime creature!!
You tail-slap the very large slime creature.
The very large slime creature is heavily wounded.
The very large slime creature barely misses you.
Two slime creatures merge to form a titanic slime creature.
You puncture the titanic slime creature!
The titanic slime creature is heavily wounded.
You puncture the titanic slime creature!
The titanic slime creature is heavily wounded.
You hit the titanic slime creature.
You tail-slap the titanic slime creature.
The titanic slime creature is heavily wounded.
The titanic slime creature hits you!!!!
Ouch! That really hurt!
* * * LOW HITPOINT WARNING * * *
A demonic guardian appears!
You focus on the pain.
You feel agile all of a sudden.
You feel much better.
You block the titanic slime creature's attack.
Your smoke demon barely misses the titanic slime creature.
Your smoke demon hits the titanic slime creature. x2
You puncture the titanic slime creature!
You tail-slap the titanic slime creature.
The titanic slime creature is heavily wounded.
You hit the titanic slime creature.
You tail-slap the titanic slime creature.
The titanic slime creature is heavily wounded.
The titanic slime creature hits you!!!!
Ouch! That really hurt!
You die...

##########***
#..@J3....,,*
#.########*,* #.# *,*
#.# *,* **### #.# *,*
,,..# ####.####### *,*
**#.#######..........#
*,*
**#.##......##.#####.#
*,* ,*#.##.#.#####.#
#.# *,*


You could see a titanic slime creature (ally target) and a friendly smoke demon
(summoned).

Vanquished Creatures
  Gastronok (D:12)
  Josephine (D:10)
  Harold (D:11)
  Erolcha (D:12)
  A two-headed ogre (D:12)
  2 boulder beetles
  Lodul (D:10)
  3 skeletal warriors (D:12)
  2 ugly things (D:12)
  3 gargoyles
  2 unseen horrors
  3 komodo dragons
  A kobold demonologist (D:12)
  3 trolls
  A hornet (D:7)
  Sigmund (D:3)
  A shadow (D:9)
  A slime creature (D:12)
  4 wraiths
  10 yaks
  Grum (D:9)
  11 vampire mosquitoes
  A water moccasin (D:7)
  An acid dragon (D:8)
  4 orc warriors
  An ice beast (D:8)
  9 ogres
  3 wolves (D:9)
  11 centaurs
  3 phantoms
  A kobold brigand (D:7)
  4 bullfrogs
  4 scorpions
  14 wights
  3 killer bees (D:7)
  5 howler monkeys
  2 jellies
  A gnoll bouda (D:5)
  6 orc priests
  4 hounds
  10 orc wizards
  Ijyb (D:3)
  4 iguanas
  A sleepcap (D:5)
  Natasha (thrice) (D:3)
  8 mummies (Ossuary)
  7 gnolls
  6 adders
  2 shadow imps
  An ufetubus (D:5)
  A worm (D:3)
  2 dart slugs
  29 orcs
  4 ball pythons
  5 bats
  13 endoplasms
  3 giant cockroaches
  6 goblins
  9 hobgoblins
  9 jackals
  3 quokkas
  3 frilled lizards
  A gnoll zombie (Ossuary)
  3 hobgoblin zombies (Ossuary)
  13 kobolds
  2 kobold zombies (Ossuary)
  2 orc zombies (Ossuary)
  6 rats
289 creatures vanquished.

Vanquished Creatures (others)
  5 plants
5 creatures vanquished.

Grand Total: 294 creatures vanquished

Notes
Turn   | Place    | Note
-------+----------+-------------------------------------------
     0 | D:1      | IdlyInterested the Demonspawn Gladiator began the quest for
                  | the Orb.
     0 | D:1      | Reached XP level 1. HP: 16/16 MP: 1/1
    37 | D:1      | Reached skill level 1 in Stealth
    62 | D:1      | Gained mutation: You are partially covered in razor-sharp
                  | scales. (AC +1, Slay +1) [demonic ancestry]
    62 | D:1      | Reached XP level 2. HP: 21/22 MP: 2/2
   267 | D:1      | Reached XP level 3. HP: 27/27 MP: 3/3
  1263 | D:3      | Noticed Natasha
  1279 | D:3      | Killed Natasha
  1280 | D:3      | Reached skill level 1 in Evocations
  1280 | D:3      | Gained mutation: You are mostly covered in razor-sharp
                  | scales. (AC +2, Slay +2) [demonic ancestry]
  1280 | D:3      | Reached XP level 4. HP: 14/33 MP: 4/4
  1345 | D:3      | Noticed Ijyb
  1353 | D:3      | Killed Ijyb
  1354 | D:3      | Reached skill level 1 in Armour
  1617 | D:3      | Identified the +5 falchion "Koguc" {distort, rF++ rC+}
  1651 | D:3      | Noticed Natasha
  1659 | D:3      | Killed Natasha
  1660 | D:3      | Reached XP level 5. HP: 32/39 MP: 5/5
  1845 | D:3      | Noticed Sigmund
  1858 | D:3      | Killed Sigmund
  1859 | D:3      | Gained mutation: You are completely covered in razor-sharp
                  | scales. (AC +3, Slay +3) [demonic ancestry]
  1859 | D:3      | Reached XP level 6. HP: 21/48 MP: 6/6
  2349 | D:3      | Noticed Natasha
  2354 | D:3      | Killed Natasha
  2786 | D:4      | Gained mutation: You have a small tail. [demonic ancestry]
  2786 | D:4      | Reached XP level 7. HP: 54/54 MP: 7/7
  3083 | D:4      | Found an opulent altar of Gozag.
  3358 | D:5      | Entered Level 5 of the Dungeon
  3573 | D:5      | Reached skill level 5 in Fighting
  3573 | D:5      | Reached skill level 5 in Stealth
  3703 | D:5      | Found a sand-covered staircase.
  3712 | Ossuary  | Entered an ossuary
  3743 | Ossuary  | Gained mutation: A weak demonic guardian rushes to your
                  | aid. [demonic ancestry]
  3743 | Ossuary  | Reached XP level 8. HP: 62/62 MP: 8/8
  3961 | D:5      | Reached skill level 5 in Dodging
  4303 | D:6      | Reached skill level 5 in Short Blades
  5353 | D:6      | Found a staircase to the Ecumenical Temple.
  5362 | Temple   | Entered the Ecumenical Temple
  5996 | D:7      | Reached XP level 9. HP: 69/69 MP: 9/9
  6644 | D:7      | Found a runed translucent door.
  6645 | D:7      | Noticed Crazy Yiuf
  6846 | D:7      | Crazy Yiuf changed into Crazy Yiuf the hornet
  6846 | D:7      | Noticed Crazy Yiuf
  6857 | D:7      | Killed Crazy Yiuf the hornet
  7097 | D:8      | Found Keit's Distillery.
  7322 | D:8      | Found a staircase to the Lair.
  7557 | D:8      | Found an iron altar of Okawaru.
  7557 | D:8      | Found a snail-covered altar of Cheibriados.
  7790 | D:9      | Reached XP level 10. HP: 79/79 MP: 10/10
  7949 | D:9      | Noticed Grum
  7966 | D:9      | Killed Grum
  8608 | D:9      | Found Gaezit's Island Escapes.
  8717 | D:9      | Bought a ring of flight for 262 gold pieces
  8717 | D:9      | Bought a wand of digging (1) for 63 gold pieces
  8736 | D:10     | Entered Level 10 of the Dungeon
  8762 | D:10     | Noticed Lodul
  8795 | D:10     | Killed Lodul
  9392 | D:10     | Noticed Josephine
  9399 | D:10     | Killed Josephine
  9400 | D:10     | Gained mutation: You sometimes gain a little power by
                  | taking damage. [demonic ancestry]
  9400 | D:10     | Reached XP level 11. HP: 51/86 MP: 5/11
 10080 | D:11     | Found Aplusyuv's Magic Scroll Shop.
 10092 | D:11     | Found Zeahidaw's Armour Boutique.
 10092 | D:11     | Found a staircase to the Orcish Mines.
 10092 | D:11     | Found Zepnaem's Weapon Boutique.
 10126 | D:11     | Reached skill level 10 in Stealth
 10185 | D:11     | Found Jaelant's Jewellery Shoppe.
 10240 | D:11     | Found Pebbu's Assorted Antiques.
 10465 | D:11     | Found Qemoumin's Magic Scroll Boutique.
 10622 | D:11     | Found Vuforu's Assorted Antiques.
 10625 | D:11     | Bought a fizzy sapphire potion for 22 gold pieces
 10765 | D:11     | Noticed Harold
 10771 | D:11     | Killed Harold
 11154 | D:11     | Bought a scroll of identify for 26 gold pieces
 11160 | D:11     | Gained mutation: You expend magic power (3 MP) to
                  | strengthen your wands. [potion of mutation]
 11160 | D:11     | Gained mutation: You are agile. (Dex +4, Str/Int -1)
                  | [potion of mutation]
 11160 | D:11     | Gained mutation: You passively map a small area around you.
                  | [potion of mutation]
 11250 | D:12     | Noticed Gastronok
 11276 | D:12     | Killed Gastronok
 11277 | D:12     | Reached skill level 10 in Short Blades
 11477 | D:12     | Noticed Erolcha
 11489 | D:12     | Killed Erolcha
 11528 | D:12     | You are sucked into a shaft and drop 2 floors!
 11529 | D:14     | Noticed a boulder beetle
 11548 | D:14     | Killed a boulder beetle
 11549 | D:14     | Gained mutation: A demonic guardian rushes to your aid.
                  | [demonic ancestry]
 11549 | D:14     | Reached XP level 12. HP: 67/92 MP: 10/12
 11949 | D:12     | Noticed a boulder beetle
 11952 | D:12     | Killed a boulder beetle
 11953 | D:12     | Reached skill level 1 in Shields
 12078 | D:12     | Noticed a two-headed ogre
 12082 | D:12     | Killed a two-headed ogre
 12476 | D:12     | Annihilated by a titanic slime creature

Illustrated notes

Levels and vault maps discovered:
D:1:      scummos_arrival_simple_crosswalls, layout_rooms
D:2:      layout_basic, minmay_misc_feat_more_columns, minivault_4
D:3:      layout_loops_ring, uniq_sigmund, uniq_ijyb, uniq_natasha
D:4:      layout_cave_pools, pdpol_temple_overflow_zin_treasury_gozag_greed,
          minmay_fractal_squares_gapless_5
D:5:      nicolae_cairo_tiling_large_dashed, layout_rooms,
          nicolae_elyvilon_temple_path, lightli_ossuary_entry_decrepit_ruins,
          minmay_misc_feat_plants, lemuel_flamethrower_1
D:6:      layout_cave_pods, minmay_temple_entry_slanted
D:7:      layout_loops_ring, minmay_misc_feat_rows, uniq_crazy_yiuf_cottage
D:8:      layout_rooms, nicolae_overflow_two_pavilions, serial_shops, shop
D:9:      layout_irregular_city, nicolae_island_escapes, uniq_grum
D:10:     layout_basic, tso_oasis_becter, uniq_josephine, uniq_lodul
D:11:     layout_long_grid, orc_david_3, serial_shops, shop,
          nicolae_stop_n_shop_2, shop,
          nicolae_shop_temple_entry_statues_fountains,
          nicolae_shop_behind_doors, uniq_harold
D:12:     layout_loops_ring, corexii_leaking_fountain, uniq_erolcha,
          uniq_gastronok
D:13:     layout_loops_cross, gammafunk_ghost_spectres, lightli_fourway_metalbox
D:14:     layout_stronghold, hangedman_vaults_entry_quadrant_bands,
          hangedman_decor_clover_reticule, serial_park_tiny_1,
          hellmonk_guarded_unrand_lears
Temple:   eino_temple_rhombus

Skill      XL: |  1  2  3  4  5  6  7  8  9 10 11 12 |
---------------+-------------------------------------+-----
Stealth        | 1 2 3 4 5 6 8 9 11 | 11.4
Dodging        | 3 4 5 6 7 8 |  8.0
Throwing       | 2 3 4 |  4.0
Evocations     | 1 2 4 |  4.0
Short Blades   | 3 4 5 7 9 10 11 | 11.0
Armour         | 1 2 |  2.0
Fighting       | 3 4 5 6 7 8 |  8.0
Shields        | 3 |  3.3

Action                     |  1- 3 |  4- 6 |  7- 9 | 10-12 || total
---------------------------+-------+-------+-------+-------++-------
  Melee: Rapier            |   138 |    90 |   196 |   385 ||   809
         Punch             |     1 |     1 |     7 |     1 ||    10
         Short sword       |       |       |   182 |       ||   182
         Tailslap          |       |       |    53 |    88 ||   141
  Throw: Throwing net      |       |     2 |       |       ||     2
         Stone             |       |       |    35 |    16 ||    51
         Dart              |       |       |     2 |     1 ||     3
         Javelin           |       |       |     1 |     9 ||    10
  Evoke: Wand              |       |     5 |    23 |     2 ||    30
    Use: Scroll            |       |       |    29 |     6 ||    35
         Potion            |       |       |     1 |     6 ||     7
   Stab: Sleeping          |     5 |     1 |     1 |    13 ||    20
         Paralysed         |       |     3 |       |       ||     3
         Distracted        |       |       |     1 |     2 ||     3
 Armour: Leather armour    |    60 |     5 |       |       ||    65
         Chain mail        |       |    40 |   192 |       ||   232
         Acid dragon scale |       |       |     1 |   113 ||   114
  Dodge: Dodged            |   102 |    29 |   154 |   287 ||   572
         Repelled          |       |     1 |     1 |     1 ||     3
  Block: Buckler           |       |       |       |    30 ||    30

Table legend: (Time is in decaauts)
 A = Elapsed time spent in this place.
 B = Non-inter-level travel time spent in this place.
 C = Inter-level travel time spent in this place.
 D = Time resting spent in this place.
 E = Time spent auto-exploring this place.
 F = Levels seen in this place.
 G = Mean time per level.
                   A        B        C        D        E       F      G
               +--------+--------+--------+--------+--------+-----+--------+
         Total |  12387 |  10575 |   1812 |   1648 |   5551 |  16 |  774.2 |
       Dungeon |  11987 |  10193 |   1794 |   1648 |   5384 |  14 |  856.2 |
        Temple |    198 |    180 |     18 |      0 |    167 |   1 |  198.0 |
       Ossuary |    200 |    200 |      0 |      0 |      0 |   1 |  200.0 |
               +--------+--------+--------+--------+--------+-----+--------+

Top non-repeatable levels by time:
     D:7: 1259 daAuts
     D:6: 1236 daAuts
    D:10: 1227 daAuts
    D:11: 1208 daAuts
     D:3: 1157 daAuts
     D:9: 1121 daAuts
    D:12: 951 daAuts
     D:2: 907 daAuts
     D:4: 840 daAuts
     D:5: 825 daAuts
     D:8: 669 daAuts
     D:1: 478 daAuts
 Ossuary: 200 daAuts
  Temple: 198 daAuts
    D:13: 79 daAuts
